 Dungeon Crawl Stone Soup version 0.22-a0-157-g169b76a (webtiles) character file.

40138 Golfball the Basher (level 14, -2/92 HPs)
             Began as a Gargoyle Fighter on Feb 8, 2018.
             Was an Elder of the Shining One.
             Slain by a hog (7 damage)
             ... led by Kirke
             ... on level 6 of the Lair of Beasts.
             The game lasted 01:05:21 (18437 turns).

Golfball the Basher (Gargoyle Fighter)             Turns: 18437, Time: 01:05:22

Health: -2/92      AC: 33    Str: 26    XL:     14   Next: 9%
Magic:  20/20      EV: 13    Int: 14    God:    the Shining One [****..]
Gold:   1747       SH: 14    Dex: 15    Spells: 13/13 levels left

rFire    + . .     SeeInvis .   H - +2 war axe (chop)
rCold    . . .     Gourm    .   c - +0 shield
rNeg     + + +     Faith    .   T - +5 scale mail of Proximity {rN++ MR+}
rPois    ∞         Spirit   .   l - +2 helmet "Xaotaloc" {-Cast rElec Str+2 Slay+3}
rElec    +         Reflect  +   R - +0 cloak
rCorr    .         Harm     .   d - +2 pair of gloves
MR       ++...     NoCast   +   k - +0 pair of boots
Stlth    ..........             q - +3 amulet of reflection
HPRegen  0.25/turn              W - +6 ring of dexterity
MPRegen  0.17/turn              K - ring "Hidwab" {*Corrode rPois rF+ rN++ Int+4}

@: flying, glowing
A: big wings, negative energy resistance 1, electricity resistance, unbreathing,
petrification resistance, rot immunity, AC +10
a: Stop Flying, Divine Shield, Cleansing Flame, Renounce Religion


You were on level 6 of the Lair of Beasts.
You worshipped the Shining One.
The Shining One was greatly pleased with you.
You were not hungry.

You visited 2 branches of the dungeon, and saw 17 of its levels.
You also visited: Volcano.

You collected 1747 gold pieces.

Inventory:

Hand Weapons
 a - a +1 flail
 b - a +0 fustibalus
 p - a +1 scimitar of flaming
 H - a +2 war axe of chopping (weapon)
 I - the +4 great sword "Moank" {slice, +Fly SInv}
   (You found it on level 10 of the Dungeon)

   It inflicts extra damage upon your enemies.
   It lets you see invisible.
   It lets you fly.
 N - the +8 whip "Poazaph" {slash, rC- Dex+6}
   (You took it off a deep elf mage on level 10 of the Dungeon)

   It inflicts extra damage upon your enemies.
   It affects your dexterity (+6).
   It makes you vulnerable to cold.
 V - the +2 spear of the Beast {pierce, MR+}
   (You found it on level 2 of the Lair of Beasts)

   It inflicts extra damage upon your enemies.
   It affects your resistance to hostile enchantments.
Missiles
 e - 547 stones (quivered)
 r - 133 sling bullets
Armour
 c - a +0 shield (worn)
 d - a +2 pair of gloves (worn)
 k - a +0 pair of boots (worn)
 l - the +2 helmet "Xaotaloc" (worn) {-Cast rElec Str+2 Slay+3}
   (You found it on level 9 of the Dungeon)

   It affects your strength (+2).
   It affects your accuracy and damage with ranged weapons and melee attacks
   (+3).
   It insulates you from electricity.
   It prevents spellcasting.
 M - a +3 chain mail of fire resistance
 O - the +1 chain mail of Uppulu {rF+ Str+4 Int+4}
   (You found it on level 10 of the Dungeon)

   It affects your strength (+4).
   It affects your intelligence (+4).
   It protects you from fire.
 Q - +0 steam dragon scales
 R - a +0 cloak (worn)
 T - the +5 scale mail of Proximity (worn) {rN++ MR+}
   (You found it on level 5 of the Lair of Beasts)

   It greatly protects you from negative energy.
   It affects your resistance to hostile enchantments.
Jewellery
 q - a +3 amulet of reflection (around neck)
 x - an uncursed ring of fire
 K - the ring "Hidwab" (right hand) {*Corrode rPois rF+ rN++ Int+4}
   (You acquired it on level 10 of the Dungeon)

   [ring of intelligence]

   It affects your intelligence (+4).
   It protects you from fire.
   It protects you from poison.
   It greatly protects you from negative energy.
   It may corrode you when you take damage.
 W - a +6 ring of dexterity (left hand)
 Y - an uncursed amulet of faith
Wands
 v - a wand of flame (48)
 y - a wand of iceblast (7)
 L - a wand of polymorph (20)
 P - a wand of acid (9)
 S - a wand of scattershot (5)
Scrolls
 g - 4 scrolls of remove curse
 h - 6 scrolls of teleportation
 m - 3 scrolls of blinking
 o - 4 scrolls of magic mapping
 B - 2 scrolls of fog
 C - 3 scrolls of enchant weapon
 E - 3 scrolls of fear
 X - a scroll of enchant armour
 Z - a scroll of identify
Potions
 i - 5 potions of haste
 j - 2 potions of cancellation
 n - 10 potions of curing
 s - a potion of magic
 t - a potion of flight
 u - a potion of might
 w - 3 potions of heal wounds
 z - 3 potions of mutation
 A - 4 potions of brilliance
 D - 4 potions of agility
 J - 2 potions of berserk rage
Miscellaneous
 G - a fan of gales
 U - a sack of spiders
Comestibles
 f - 33 rations
 F - 10 chunks of flesh


   Skills:
 - Level 12.0 Fighting
 + Level 4.1(8.6) Axes
 - Level 12.5(12.8) Maces & Flails
 - Level 5.0 Slings
 + Level 8.0 Armour
 - Level 8.0 Dodging
 - Level 6.0 Shields
 - Level 6.0 Invocations
 - Level 8.0 Evocations


You had 13 spell levels left.
You didn't know any spells.

Dungeon Overview and Level Annotations

Branches:
Dungeon (11/15)            Temple (0/1) D:6            Lair (6/6) D:9
  Swamp (0/4) Lair:3        Snake (0/4) Lair:2          Orc (0/2) D:11
  Slime: Lair:5-6

Altars:
Ashenzari
Dithmenos
Elyvilon
Gozag
Kikubaaqudgha
Makhleb
Nemelex Xobeh
Ru
Vehumet
Wu Jian
Xom
The Shining One

Shops:
D:11 [


Innate Abilities, Weirdness & Mutations

You are resistant to torment.
Your stone body is resilient. (AC +10)
You are immune to poison.
Your large and strong wings let you fly indefinitely.
You resist negative energy. (rN+)
You are resistant to electric shocks. (rElec)
You can survive without breathing.
You are immune to petrification.
You are immune to rotting.


Message History

You block Snorg's attack.
You slash Snorg!
Snorg is almost dead.
Snorg bites you!
* * * LOW HITPOINT WARNING * * *
Snorg barely misses you. You block Snorg's attack. Snorg bites you!
* * * LOW HITPOINT WARNING * * *
Snorg closely misses you. Snorg claws you but does no damage.
You hit Snorg.
Snorg is almost dead.
Snorg bites you but does no damage. You block Snorg's attack.
Snorg barely misses you.
You slash Snorg!
You kill Snorg!
The troll leather armour {Snorg} is intact enough to wear.
Your base Axes skill increases to level 4!
Your Armour skill increases to level 8!
You slash the hog! You block the hog's attack. The hog bites you!
You die...

..............#
..............#
.P.............
...............
...............
.........$.....
...............
.......@......!
......†hh......
...............
...............
.......?.......
...............
...............
...(...........


You could see 2 hogs.

Vanquished Creatures
  A stone giant (Volcano)
  Snorg (Lair:6)
  A fire dragon (Lair:2)
  The ghost of estick the Cleaver, a journeyman HOGl of Beogh (Lair:3)
  3 hydras
  A catoblepas (Lair:5)
  4 two-headed ogres
  A centaur warrior (D:10)
  A satyr (D:10)
  An unseen horror (D:10)
  A lindwurm (Lair:3)
  The ghost of indyram44 the Skirmisher, a novice DsMo of Okawaru (D:5)
  A deep elf mage (D:10)
  A manticore (D:11)
  An elephant (D:9)
  3 black mambas
  2 gargoyles
  7 spiny frogs
  2 molten gargoyles (Volcano)
  10 rime drakes
  4 komodo dragons
  An efreet (Volcano)
  A queen bee (Lair:3)
  A troll (D:11)
  4 blink frogs (Lair:4)
  A polar bear (Lair:4)
  7 dream sheep (Lair:5)
  4 hippogriffs
  Sigmund (D:5)
  24 yaks
  3 basilisks
  A fire elemental (Volcano)
  A hog (Lair:6)
  2 fire bats (Volcano)
  9 steam dragons (Lair:2)
  2 nagas (Lair:2)
  An acid dragon (D:10)
  4 water moccasins
  10 porcupines
  3 orc warriors
  3 ice beasts
  2 black bears
  An eye of draining (D:9)
  A necrophage (D:6)
  A phantom (D:10)
  2 sky beasts
  7 wolves
  2 ogres
  14 centaurs
  16 crocodiles
  12 bullfrogs
  A gnoll sergeant (D:9)
  2 earth elementals (Volcano)
  A wyvern zombie (D:11)
  5 scorpions
  26 killer bees
  An electric eel (Lair:4)
  6 howler monkeys
  6 crimson imps
  2 centaur zombies
  2 bullfrog zombies
  4 lava snakes (Volcano)
  2 quasits
  A gnoll shaman (D:7)
  A bullfrog skeleton (D:8)
  11 hounds
  A jelly (D:10)
  3 orc wizards
  3 centaur skeletons
  7 orc priests
  3 iguanas
  12 worker ants
  A hound zombie (D:9)
  A howler monkey zombie (D:9)
  A worker ant zombie (D:10)
  9 gnolls
  10 adders
  A howler monkey skeleton (D:9)
  3 shadow imps
  An ooze (D:3)
  An adder zombie (D:5)
  An adder skeleton (D:8)
  5 worms
  A dart slug (D:1)
  7 leopard geckos
  42 orcs
  2 ball pythons
  6 giant cockroaches
  9 hobgoblins
  6 jackals
  6 quokkas
  A ball python skeleton (D:4)
  4 bats
  6 frilled lizards
  13 goblins
  9 kobolds
  A leopard gecko zombie (D:5)
  10 rats
  A fungus (Lair:4)
  A plant (Lair:2)
448 creatures vanquished.

Vanquished Creatures (others)
  A steam dragon (Lair:2)
  2 centaurs
  4 fungi
  5 plants
12 creatures vanquished.

Grand Total: 460 creatures vanquished

Notes
Turn   | Place    | Note
-------+----------+-------------------------------------------
     0 | D:1      | Golfball the Gargoyle Fighter began the quest for the Orb.
     0 | D:1      | Reached XP level 1. HP: 14/14 MP: 1/1
    74 | D:1      | Reached XP level 2. HP: 19/19 MP: 2/2
   368 | D:1      | Reached XP level 3. HP: 22/23 MP: 3/3
  1571 | D:3      | Reached XP level 4. HP: 23/28 MP: 4/4
  1972 | D:3      | Reached skill level 5 in Maces & Flails
  2028 | D:3      | Reached XP level 5. HP: 32/32 MP: 5/5
  2974 | D:4      | Found a burning altar of Makhleb.
  3104 | D:4      | Reached XP level 6. HP: 36/37 MP: 6/6
  3254 | D:4      | Found an opulent altar of Gozag.
  3375 | D:4      | Noticed Sigmund
  3841 | D:5      | Entered Level 5 of the Dungeon
  3880 | D:5      | Reached XP level 7. HP: 41/41 MP: 7/7
  3923 | D:5      | Noticed indyram44's ghost (novice DsMo)
  3951 | D:5      | Killed indyram44's ghost
  3951 | D:5      | Reached XP level 8. HP: 14/46 MP: 8/8
  4272 | D:5      | Killed Sigmund
  4272 | D:5      | Reached skill level 10 in Maces & Flails
  4428 | D:5      | Reached skill level 1 in Slings
  4445 | D:5      | Found a glowing golden altar of the Shining One.
  4454 | D:5      | Became a worshipper of the Shining One
  4691 | D:6      | Reached XP level 9. HP: 53/53 MP: 9/9
  4755 | D:6      | Reached skill level 5 in Fighting
  5230 | D:6      | Found a radiant altar of Vehumet.
  5230 | D:6      | Found a white marble altar of Elyvilon.
  5231 | D:6      | Found a shadowy altar of Dithmenos.
  5609 | D:6      | Found a staircase to the Ecumenical Temple.
  5855 | D:7      | Reached * piety under the Shining One
  5863 | D:7      | Reached skill level 1 in Invocations
  6408 | D:7      | Found an ornate altar of the Wu Jian Council.
  6892 | D:8      | Found an ancient bone altar of Kikubaaqudgha.
  6914 | D:8      | Reached skill level 5 in Slings
  7197 | D:8      | Found a sacrificial altar of Ru.
  7519 | D:8      | Reached XP level 10. HP: 44/60 MP: 13/13
  7931 | D:8      | You fall through a shaft for 3 floors!
  7942 | D:11     | Reached skill level 5 in Armour
  7942 | D:11     | Reached skill level 5 in Invocations
  8115 | D:11     | Found a staircase to the Orcish Mines.
  8116 | D:11     | Found Cemej's Armour Emporium.
  8131 | D:11     | Reached ** piety under the Shining One
  8392 | D:10     | Entered Level 10 of the Dungeon
  8397 | D:10     | Identified 2 scrolls of acquirement
  8398 | D:10     | Got a brightly glowing granite ring
  8400 | D:10     | Identified the ring "Hidwab" {*Corrode rPois rF+ rN++ Int+4} (You acquired it on level 10 of the Dungeon)
  8413 | D:10     | Reached skill level 1 in Dodging
  8425 | D:9      | Noticed an elephant
  8560 | D:9      | Killed an elephant
  8730 | D:9      | Found a staircase to the Lair.
  9041 | D:9      | Noticed a two-headed ogre
  9050 | D:9      | Killed a two-headed ogre
  9196 | D:9      | Got a dazzling buckler
  9207 | D:9      | Identified the +3 buckler of Listlessness {*Slow rPois Int+6} (You acquired it on level 9 of the Dungeon)
  9312 | D:9      | Reached *** piety under the Shining One
  9312 | D:9      | Reached XP level 11. HP: 69/69 MP: 15/15
  9542 | D:9      | Noticed a two-headed ogre
  9552 | D:9      | Killed a two-headed ogre
  9795 | D:9      | Got a heavily runed helmet
  9801 | D:9      | Identified the +2 helmet "Xaotaloc" {-Cast rElec Str+2 Slay+3} (You found it on level 9 of the Dungeon)
  9903 | D:10     | Reached skill level 5 in Dodging
  9963 | D:10     | Noticed an eight-headed hydra
  9964 | D:10     | Noticed a centaur warrior
  9984 | D:10     | Noticed an unseen horror
 10256 | D:10     | Reached skill level 1 in Evocations
 10277 | D:10     | Noticed a satyr
 10277 | D:10     | an eight-headed hydra changed into a satyr
 10289 | D:10     | Killed a satyr
 10354 | D:10     | Reached skill level 5 in Shields
 10390 | D:10     | Noticed a deep elf mage
 10570 | D:10     | Killed a centaur warrior
 10695 | D:10     | Killed a deep elf mage
 10697 | D:10     | Got a jewelled whip {slash}
 10698 | D:10     | Identified the +8 whip "Poazaph" {slash, rC- Dex+6} (You took it off a deep elf mage on level 10 of the Dungeon)
 10906 | D:10     | Noticed a two-headed ogre
 10915 | D:10     | Killed a two-headed ogre
 10953 | D:10     | Got a warped great sword
 10956 | D:10     | Got a transparent chain mail
 10967 | D:10     | Identified the +1 chain mail of Uppulu {rF+ Str+4 Int+4} (You found it on level 10 of the Dungeon)
 10968 | D:10     | Found a shimmering altar of Xom.
 10969 | D:10     | Found a shattered altar of Ashenzari.
 10969 | D:10     | Found an ancient bone altar of Kikubaaqudgha.
 10969 | D:10     | Found a sparkling altar of Nemelex Xobeh.
 10988 | D:10     | Noticed a two-headed ogre
 10997 | D:10     | Killed a two-headed ogre
 11196 | D:10     | Reached skill level 5 in Evocations
 11273 | D:10     | Identified the +4 great sword "Moank" {slice, +Fly SInv} (You found it on level 10 of the Dungeon)
 11439 | D:10     | Killed an unseen horror
 11439 | D:10     | Reached XP level 12. HP: 77/77 MP: 16/16
 11542 | D:11     | Reached skill level 10 in Fighting
 12211 | Lair:1   | Entered Level 1 of the Lair of Beasts
 12260 | Lair:1   | Got a polished spear
 12378 | Lair:1   | Reached **** piety under the Shining One
 12980 | Lair:2   | Got a crude spear
 12981 | Lair:2   | Identified the cursed +2 spear of the Beast {pierce, MR+} (You found it on level 2 of the Lair of Beasts)
 13002 | Lair:2   | Noticed a seven-headed hydra
 13003 | Lair:2   | Noticed a seven-headed hydra
 13008 | Lair:2   | Noticed a fire dragon
 13008 | Lair:2   | a seven-headed hydra changed into a fire dragon
 13025 | Lair:2   | Killed a fire dragon
 13032 | Lair:2   | Killed a seven-headed hydra
 13481 | Lair:2   | Found a staircase to the Snake Pit.
 13500 | Lair:2   | Reached XP level 13. HP: 81/86 MP: 17/17
 13831 | Lair:2   | You fall through a shaft!
 13893 | Lair:3   | Found a staircase to the Swamp.
 14834 | Lair:3   | Noticed estick's ghost (journeyman HOGl)
 14849 | Lair:3   | Killed estick's ghost
 15271 | Lair:4   | Found a dark tunnel.
 15287 | Volcano  | Entered a volcano
 15656 | Volcano  | Found a bloodstained altar of Trog.
 15822 | Volcano  | Noticed a stone giant
 15844 | Volcano  | The Shining One protects you from harm!
 15846 | Volcano  | Killed a stone giant
 16640 | Lair:4   | Reached skill level 1 in Axes
 17373 | Lair:5   | Got a garnet-studded scale mail
 17384 | Lair:5   | Identified the +5 scale mail of Proximity {rN++ MR+} (You found it on level 5 of the Lair of Beasts)
 18270 | Lair:6   | Entered Level 6 of the Lair of Beasts
 18306 | Lair:5   | Gained mutation: Your large and strong wings let you fly indefinitely. [Gargoyle growth]
 18306 | Lair:5   | Reached XP level 14. HP: 77/92 MP: 20/20
 18422 | Lair:6   | Noticed Snorg
 18434 | Lair:6   | HP: 4/92 [Snorg (8)]
 18436 | Lair:6   | Killed Snorg
 18437 | Lair:6   | Slain by a hog

Vault maps used:
D:1:      dpeg_arrival_simpleton_a
D:3:      first_ration, st_stairs_9
D:4:      kennysheep_mini, grunt_gozag_statues, uniq_sigmund
D:5:      nicolae_tso_carved_into_rock, guppyfry_early_lair_pool
D:6:      gammafunk_temple_overflow_claw, minmay_temple_entry_from_below_b
D:7:      lemuel_doored_altar
D:8:      nicolae_ru_sacrificial_ziggurat, basic_altar
D:9:      kennysheep_blocky_hall, david_lair_generic
D:10:     minmay_the_grid_octo_tiled_squarecenter, minmay_crystal_room
D:11:     orc_david_3
Lair:1:   grunt_forest_small_clearings
Lair:2:   guppyfry_snake_entry_island, bobbens_dragon_lair_wall
Lair:3:   swamp_mist
Lair:4:   enter_volcano_1, grunt_megastairs_4, wad_woods_river_01,
          infiniplex_staircase_pool
Lair:5:   st_stairs_13, nicolae_quartered_pool_little, lemuel_fruit_fields
Lair:6:   wormcave, guppyfry_lair_end_dragon, slime_altar_1, uniq_snorg,
          uniq_josephine, uniq_kirke, uniq_nessos
Volcano:  volcano_lake

Skill      XL: |  1  2  3  4  5  6  7  8  9 10 11 12 13 14 |
---------------+-------------------------------------------+-----
Maces & Flails | 3 4 5 6 7 9 10 12 | 12.5
Slings         | 2 5 |  5.0
Fighting       | 4 6 8 9 12 | 12.0
Invocations    | 4 6 |  6.0
Armour         | 4 6 7 8 |  8.0
Dodging        | 4 5 8 |  8.0
Shields        | 6 |  6.0
Evocations     | 5 8 |  8.0
Axes           | 3 4 |  4.1

Action                   |  1- 3 |  4- 6 |  7- 9 | 10-12 | 13-15 || total
-------------------------+-------+-------+-------+-------+-------++-------
Melee: Flail             |   175 |   276 |   359 |    24 |       ||   834
       War axe           |       |       |       |   293 |   330 ||   623
       Whip              |       |       |       |   160 |    28 ||   188
 Fire: Hunting sling     |     1 |       |       |       |       ||     1
Throw: Stone             |     1 |       |       |       |       ||     1
 Abil: Fly               |       |       |       |       |     1 ||     1
Evoke: Wand              |       |       |       |     3 |       ||     3
  Use: Scroll            |     2 |     6 |    11 |    14 |     5 ||    38
       Potion            |       |     3 |     1 |     1 |       ||     5
  Eat: Chunk             |     2 |     5 |     9 |    12 |     7 ||    35
       Ration            |       |     1 |     1 |     2 |     3 ||     7
Armor: Scale mail        |    84 |   133 |   190 |   134 |    46 ||   587
       Chain mail        |       |       |       |   147 |   165 ||   312
Dodge: Dodged            |    45 |    55 |    99 |   163 |   162 ||   524
Block: Shield            |    85 |   188 |   260 |   348 |   303 ||  1184
       Reflection        |       |     1 |    14 |    29 |     5 ||    49
       Other             |       |       |       |       |     2 ||     2

Table legend:
 A = Spawn XP
 B = Non-spawn XP
 C = Spawn XP percentage of total XP
 D = Spawn monster count
 E = Non-spawn monster count
 F = Spawn count percentage of total count
 G = Total turns spent on level
                    A         B        C        D         E        F      G
               +---------+---------+-------+---------+---------+-------+---------
         Total |       0 |   57340 |   0.0 |       0 |     449 |   0.0 | 18437
               +---------+---------+-------+---------+---------+-------+---------
           D:1 |       0 |      49 |   0.0 |       0 |      28 |   0.0 |   767
           D:2 |       0 |      28 |   0.0 |       0 |      15 |   0.0 |   762
           D:3 |       0 |     156 |   0.0 |       0 |      31 |   0.0 |  1030
           D:4 |       0 |     269 |   0.0 |       0 |      19 |   0.0 |  1282
           D:5 |       0 |    1498 |   0.0 |       0 |      18 |   0.0 |   780
           D:6 |       0 |     891 |   0.0 |       0 |      28 |   0.0 |  1129
           D:7 |       0 |     937 |   0.0 |       0 |      20 |   0.0 |  1106
           D:8 |       0 |     942 |   0.0 |       0 |      26 |   0.0 |  1089
           D:9 |       0 |    4059 |   0.0 |       0 |      33 |   0.0 |  1358
          D:10 |       0 |    8757 |   0.0 |       0 |      40 |   0.0 |  1779
          D:11 |       0 |    3649 |   0.0 |       0 |      40 |   0.0 |  1129
        Lair:1 |       0 |    3564 |   0.0 |       0 |      19 |   0.0 |   744
        Lair:2 |       0 |    9802 |   0.0 |       0 |      36 |   0.0 |  1119
        Lair:3 |       0 |    5552 |   0.0 |       0 |      37 |   0.0 |  1080
        Lair:4 |       0 |    6712 |   0.0 |       0 |      26 |   0.0 |  1202
        Lair:5 |       0 |    4731 |   0.0 |       0 |      15 |   0.0 |  1103
        Lair:6 |       0 |    1739 |   0.0 |       0 |       4 |   0.0 |    21
       Volcano |       0 |    4005 |   0.0 |       0 |      14 |   0.0 |   957
               +---------+---------+-------+---------+---------+-------+---------
